 Dungeon Crawl Stone Soup version 0.30.1-9-gdf580d7c3d (webtiles) character file.

Game seed: 17686359279516476829

672609 danielguo94 the Skullcrusher (level 27, 0/188 HPs)
             Began as a Gargoyle Fighter on Oct 10, 2023.
             Was the Champion of the Shining One.
             Killed from afar by a shard shrike (28 damage)
             ... with a shard of ice
             ... on level 7 of Cocytus.
             The game lasted 02:02:47 (61229 turns).

danielguo94 the Skullcrusher (Gargoyle Fighter)    Turns: 61229, Time: 02:02:49

Health: 0/188      AC: 60    Str: 38      XL:     27
Magic:  27/38      EV: 11    Int:  8 (9)  God:    the Shining One [******]
Gold:   1472       SH: 23    Dex: 14      Spells: 26/26 levels left

rFire   + + .        r - +7 sacred scourge (holy)
rCold   + + +        W - +6 kite shield of Codi {rN+ Str+4}
rNeg    + + +        a - +12 gold dragon scales
rPois   ∞            (helmet restricted)
rElec   +            t - +0 cloak of the Earth {Regen+ Str+3}
rCorr   .            X - +3 pair of gloves "Gamougituva" {Drain rPois Str+7 Int-5}
SInv    .            C - +3 pair of mountain boots {steadfast, rC+}
Will    +++++        K - amulet of the Four Winds {rN+ Will+++ Clar} Stlth
                     j - ring of protection from cold
HPRegen 1.31/turn    H - ring of protection from fire
MPRegen 0.26/turn

%: clarity
@: silenced, flying, glowing, studying Throwing, unable to drink
A: sickness immunity, AC +20, big wings, negative energy resistance 1,
electricity resistance, torment resistance 1, petrification resistance, horns 1,
clever 1, clumsy 1, deformed body, shaggy fur 1
}: 4/15 runes: decaying, silver, abyssal, gossamer
a: Renounce Religion


You were on level 7 of Cocytus.
You worshipped the Shining One.
The Shining One was exalted by your worship.
You visited 13 branches of the dungeon, and saw 54 of its levels.
You visited the Abyss 1 time.
You also visited: Gauntlet, Ice Cave and Volcano.

You collected 8363 gold pieces.
You spent 6891 gold pieces at shops.

Inventory:

Hand Weapons
 r - a +7 sacred scourge of holy wrath (weapon)
 P - a +9 antimagic eveningstar
 R - a +4 antimagic broad axe
 U - the +4 consecrated labrys {holy, Valiant Fragile Fly SInv}
   (You took it off a deep elf demonologist on level 3 of the Elven Halls)

   Valiant:   It becomes more powerful as more dangerous foes come into view.
   SInv:      It lets you see invisible.
   Fly:       It grants you flight.
   Fragile:   It will be destroyed if unequipped.
Missiles
 c - 22 curare-tipped darts
 g - 59 poisoned darts
 z - 10 atropa-tipped darts
 A - 8 throwing nets
 N - 16 javelins
 S - 17 silver javelins
Armour
 a - +12 gold dragon scales (worn)
 t - the +0 cloak of the Earth (worn) {Regen+ Str+3}
   (You found it on level 3 of the Spider Nest)

   Str:       It affects your strength (+3).
   Regen:     It increases your rate of health regeneration.
 C - the +3 pair of mountain boots (worn) {steadfast, rC+}
   (You acquired it in an ice cave)

   Steadfast: It prevents involuntary movement, except for blinking,
   teleportation, or banishment.
   rC:        It protects you from cold.
 W - the +6 kite shield of Codi (worn) {rN+ Str+4}
   (You found it on level 2 of the Lair of Beasts)

   Str:       It affects your strength (+4).
   rN:        It protects you from negative energy.
 X - the +3 pair of gloves "Gamougituva" (worn) {Drain rPois Str+7 Int-5}
   (You found it on level 3 of the Elven Halls)

   Str:       It affects your strength (+7).
   Int:       It affects your intelligence (-5).
   rPois:     It protects you from poison.
   Drain:     It drains your maximum health when unequipped.
Jewellery
 j - a ring of protection from cold (left hand)
 E - a ring of resist corrosion
 H - a ring of protection from fire (right hand)
 K - the amulet of the Four Winds (around neck) {rN+ Will+++ Clar}
   (You bought it in a shop on level 2 of the Orcish Mines)

   [amulet of nothing]

   rN:        It protects you from negative energy.
   Clar:      It protects you from confusion, rage, mesmerisation and fear.
   Will:      It greatly increases your willpower.
 O - a ring of protection from cold
Wands
 F - a wand of roots (37) (quivered)
 G - a wand of digging (12)
 L - a wand of acid (51)
 V - a wand of mindburst (53)
Scrolls
 e - 6 scrolls of summoning
 h - 8 scrolls of poison
 i - 14 scrolls of magic mapping
 m - 23 scrolls of teleportation
 o - 14 scrolls of fear
 q - 3 scrolls of vulnerability
 s - 17 scrolls of blinking
 v - 8 scrolls of immolation
 y - 3 scrolls of enchant armour
 D - 6 scrolls of fog
 Z - a scroll of silence
Potions
 b - 5 potions of magic
 d - 16 potions of mutation
 f - 4 potions of cancellation
 k - 20 potions of curing
 l - 7 potions of attraction
 n - 8 potions of ambrosia
 p - 11 potions of lignification
 w - 3 potions of berserk rage
 x - 11 potions of heal wounds
 B - 12 potions of might
 I - 16 potions of haste
 T - 7 potions of resistance
 Y - 6 potions of brilliance


   Skills:
 + Level 23.5 Fighting
 * Level 3.3(17.0) Axes
 O Level 27 Maces & Flails
 + Level 17.6 Armour
 * Level 8.9 Dodging
 + Level 25.2 Shields
 * Level 23.4 Invocations
 + Level 2.2 Evocations


You had 26 spell levels left.
You didn't know any spells.
Your spell library contained the following spells:

 Spells                   Type           Power      Damage    Failure   Level
 Apportation              Tloc           0%         N/A       98%         1
 Beastly Appendage        Tmut           0%         N/A       98%         1
 Foxfire                  Conj/Fire      0%         2x1d4     98%         1
 Shock                    Conj/Air       0%         1d3       98%         1
 Sting                    Tmut/Pois      0%         1d3       98%         1
 Blink                    Tloc           0%         N/A       99%         2
 Lesser Beckoning         Tloc           0%         N/A       99%         2
 Momentum Strike          Conj/Tloc      0%         3d8       99%         2
 Wereblood                Tmut           0%         N/A       99%         2
 Call Canine Familiar     Summ           0%         N/A       100%        3
 Confusing Touch          Hex            0%         N/A       100%        3
 Dazzling Flash           Conj/Hex       0%         N/A       100%        3
 Frozen Ramparts          Ice            0%         1d1       100%        3
 Gell's Gravitas          Tloc           0%         N/A       100%        3
 Hailstorm                Conj/Ice       0%         3d3       100%        3
 Ignite Poison            Fire/Tmut/Pois 0%         N/A       100%        3
 Inner Flame              Hex/Fire       0%         N/A       100%        3
 Ozocubu's Armour         Ice            0%         N/A       100%        3
 Portal Projectile        Hex/Tloc       0%         N/A       100%        3
 Spider Form              Tmut/Pois      0%         N/A       100%        3
 Swiftness                Air            0%         N/A       100%        3
 Teleport Other           Tloc           0%         N/A       100%        3
 Tukima's Dance           Hex            0%         N/A       100%        3
 Volatile Blastmotes      Fire/Tloc      0%         2d10      100%        3
 Airstrike                Air            0%         2d(0-16)  100%        4
 Cause Fear               Hex            0%         N/A       100%        4
 Flame Wave               Conj/Fire      0%         2d4       100%        4
 Fulminant Prism          Conj/Hex       0%         3d5       100%        4
 Ice Form                 Ice/Tmut       0%         N/A       100%        4
 Iskenderun's Mystic Bla  Conj/Tloc      0%         2d3       100%        4
 Leda's Liquefaction      Hex/Erth       0%         N/A       100%        4
 Olgreb's Toxic Radiance  Pois           0%         N/A       100%        4
 Passage of Golubria      Tloc           0%         N/A       100%        4
 Petrify                  Tmut/Erth      0%         N/A       100%        4
 Sticky Flame             Conj/Fire      0%         2d3       100%        4
 Summon Ice Beast         Ice/Summ       0%         N/A       100%        4
 Agony                    Necr           0%         N/A       100%        5
 Alistair's Intoxication  Tmut/Pois      0%         N/A       100%        5
 Blade Hands              Tmut           0%         N/A       100%        5
 Fireball                 Conj/Fire      0%         3d3       100%        5
 Irradiate                Conj/Tmut      0%         3d11      100%        5
 Lee's Rapid Deconstruct  Erth           0%         3d4*      100%        5
 Metabolic Englaciation   Hex/Ice        0%         N/A       100%        5
 Silence                  Hex/Air        0%         N/A       100%        5
 Summon Forest            Summ/Tloc      0%         N/A       100%        5
 Summon Mana Viper        Hex/Summ       0%         N/A       100%        5
 Conjure Ball Lightning   Conj/Air       0%         3x3d6     100%        6
 Dispersal                Tloc           0%         N/A       100%        6
 Eringya's Noxious Bog    Tmut/Pois      0%         N/A       100%        6
 Iron Shot                Conj/Erth      0%         9d1       100%        6
 Plasma Beam              Fire/Air       0%         2x1d11    100%        6
 Simulacrum               Ice/Necr       0%         N/A       100%        6
 Starburst                Conj/Fire      0%         6d3       100%        6
 Summon Cactus Giant      Summ           0%         N/A       100%        6
 Dragon Form              Tmut           0%         N/A       100%        7
 Haunt                    Necr/Summ      0%         N/A       100%        7
 Ozocubu's Refrigeration  Ice            0%         4d7       100%        7
 Spellforged Servitor     Conj/Summ      0%         N/A       100%        7
 Summon Hydra             Summ           0%         N/A       100%        7
 Discord                  Hex            0%         N/A       100%        8
 Disjunction              Tloc           0%         N/A       100%        8
 Ignition                 Fire           0%         3d3       100%        8
 Lehudib's Crystal Spear  Conj/Erth      0%         10d2      100%        8
 Chain Lightning          Conj/Air       0%         N/A       100%        9
 Dragon's Call            Summ           0%         N/A       100%        9
 Fire Storm               Conj/Fire      0%         5d1       100%        9
 Polar Vortex             Ice            0%         N/A       100%        9
 Shatter                  Erth           0%         3d5*      100%        9
 Sublimation of Blood     Necr           Unusable   N/A       N/A         2
 Statue Form              Tmut/Erth      Unusable   N/A       N/A         6

Dungeon Overview and Level Annotations

Branches:
Dungeon (15/15)            Temple (1/1) D:4            Lair (5/5) D:11
  Swamp (4/4) Lair:3       Spider (4/4) Lair:3        Slime (0/5) Lair:4
    Orc (2/2) D:10            Elf (3/3) Orc:2        Vaults (5/5) D:14
  Crypt (0/3) Vaults:2     Depths (4/4) D:15           Hell (visited)
    Dis (0/7) Hell            Geh (1/7) Hell            Coc (7/7) Hell
    Tar (0/7) Hell            Zot (2/5) Depths:4      IceCv (visited)
Volcano (visited)         Gauntlet (visited)

Altars:
Ashenzari
Cheibriados
Dithmenos
Elyvilon
Fedhas
Gozag
Hepliaklqana
Kikubaaqudgha
Makhleb
Nemelex Xobeh
Okawaru
Qazlal
Ru
Sif Muna
Trog
Uskayaw
Vehumet
Wu Jian
Xom
Yredelemnul
Zin
The Shining One

Shops:
D:4 ?   D:11 !?!   D:12 *   Orc:2 =[(?   Elf:1 [   Elf:2 ?:   Vaults:1 [(
Vaults:2 *   Vaults:3 *   Vaults:4 ?   Vaults:5 *[   Zot:2 *   Depths:3 *

Portals:
Hell: Depths:1 Depths:2 Depths:3 Depths:4
Abyss: Depths:2 Depths:3
Pandemonium: Depths:1 Depths:2
Ziggurat: Depths:1
Trove: Vaults:2 (show slimy rune of Zot)

Annotations:
Lair:2 exclusion: oklob plant
Coc:7 Antaeus, Serpent of Hell


Innate Abilities, Weirdness & Mutations

You are immune to sickness and miasma.
Your stone body is resilient. (AC +20)
You are immune to poison.
Your large and strong wings let you fly.
You resist negative energy. (rN+)
You are resistant to electric shocks. (rElec)
You are resistant to unholy torment.
You are immune to petrification.
You have a pair of small horns on your head.
Your mind is acute. (Int +4, Str/Dex -1)
You are clumsy. (Dex -2)
Armour fits poorly on your strangely shaped body.
You are covered in fur. (AC +1)


Message History

An Ice Fiend comes into view.
It's too cold; everything's frozen solid!
Okay, then.
Unknown command.
Magic scrolls do not work when you're silenced!
Unknown command.
A titan comes into view.
The shard shrike claws you but does no damage.
The titan casts a spell at you. The bolt of lightning misses you.
The shard shrike claws you but does no damage.
You barely miss the shard shrike. You headbutt the shard shrike.
The shard shrike is lightly wounded.
You block the shard shrike's attack.
You completely miss the shard shrike.
You headbutt the shard shrike, but do no damage.
The shard shrike is lightly wounded.
You block the shard shrike's attack.
A torrent of water rises up through the elemental wellspring!
The torrent of water passes through the water elemental.
You block the torrent of water.
The wave splashes down.
The Ice Fiend gestures at you.
The bolt of cold hits the shard shrike!
The shard shrike resists.
The bolt of cold hits you. You resist.
* * * LOW HITPOINT WARNING * * *
The shard shrike claws you but does no damage.
Unknown command.
You punish the shard shrike, causing immense pain!!!
Your headbutt misses the shard shrike.
The shard shrike is heavily wounded.
You are engulfed in freezing vapours.
You resist. You block the shard shrike's attack.
You whack the shard shrike!
You headbutt the shard shrike, but do no damage.
The shard shrike is severely wounded.
You are engulfed in freezing vapours.
You resist.
The shard shrike is engulfed in freezing vapours.
The shard shrike spits a shard of ice at you.
The shard of ice hits you!! You partially resist.
You die...

###################
###≈≈≈≈≈≈≈≈≈E≈≈≈≈≈#
#
###≈≈≈≈@≈≈E≈≈E≈≈≈≈≈
#
###≈≈≈≈≈b≈≈≈≈≈≈≈≈E≈
##
###≈≈≈≈≈≈○...≈≈≈≈≈≈
#≈
###≈≈≈≈≈......≈≈≈≈≈
#≈
###≈≈≈≈.........≈≈≈
#≈
###≈≈≈.C...1.....≈≈
#≈
###≈≈..........^..≈
#≈
###≈.....##'##.....
##≈ ....# $.) #....
#≈≈


You could see a titan, a shard shrike (unsilenced, catching breath), an Ice
Fiend, an elemental wellspring and 2 water elementals.

Vanquished Creatures
  Tiamat (Zot:1)
  2 dread liches
  Sojobo (Vaults:5)
  Boris (thrice) (Vaults:2 Depths:1 Depths:3)
  Bai Suzhen (Vaults:5)
  18 shard shrikes
  A caustic shrike (Depths:3)
  4 golden dragons
  Geryon (Hell)
  A shard shrike zombie (Abyss:3)
  4 bone dragons (Abyss:3)
  An electric golem (Zot:1)
  A Brimstone Fiend (Geh:1)
  9 Ice Fiends
  A lich (Depths:3)
  4 tentacled monstrosities
  A walking earthen tome (Depths:3)
  A searing wretch (Geh:1)
  Asterion (Elf:2)
  5 titans
  9 quicksilver dragons
  3 deep elf blademasters
  The ghost of Cheops the Sorcerer, an adept DECj of Vehumet (Spider:3)
  An acid blob (Zot:1)
  2 deep elf master archers (Elf:3)
  2 Executioners (Abyss:3)
  2 walking frostbound tomes (Depths:3)
  6 ancient champions (Hell)
  4 death cobs (Zot:1)
  5 sphinxes
  11 tentacled starspawn (Abyss:3)
  2 thorn hunters
  11 shadow dragons
  Agnes (D:15)
  5 storm dragons
  Roxanne (D:15)
  An azure jelly (Coc:6)
  8 tengu reavers
  Kirke (Swamp:2)
  The ghost of Zujy the Severer, an adept DsFi of Okawaru (Depths:1)
  18 fire giants
  2 draconian monks (Zot:2)
  13 narguns
  10 frost giants
  4 emperor scorpions
  3 iron dragons
  2 draconian knights
  3 deep elf sorcerers
  2 balrugs (Zot:2)
  A draconian scorcher (Zot:1)
  Louise (Elf:3)
  14 vault wardens
  2 draconian shifters (Zot:1)
  5 ghost moths
  5 shard shrike simulacra
  3 cacodemons (Abyss:3)
  A spriggan defender (Depths:3)
  A curse skull (Elf:3)
  20 ironbound preservers
  4 war gargoyles
  A quicksilver ooze (Gauntlet)
  4 deep elf elementalists (Elf:3)
  2 draconian stormcallers
  An orc warlord (Vaults:2)
  3 reapers (Hell)
  8 green draconians
  8 stone giants
  4 ironbound thunderhulks
  A broodmother (Spider:2)
  31 very ugly things
  4 vampire knights
  8 white draconians
  Nessos (D:12)
  20 elemental wellsprings
  10 black draconians
  24 dire elephants
  A minotaur (Gauntlet)
  10 eleionomae
  13 yellow draconians
  8 deep elf annihilators (Elf:3)
  6 spark wasps
  5 bunyips
  13 wendigos
  6 deep elf demonologists
  8 red draconians
  An eidolon (Elf:3)
  6 purple draconians
  2 blizzard demons
  A green death (Zot:1)
  2 jiangshi (Elf:3)
  14 deep elf death magi
  5 deep elf high priests
  3 crystal guardians
  3 great orbs of eyes
  Josephine (D:12)
  3 shambling mangroves
  8 fire dragons
  13 ettins
  2 entropy weavers
  The ghost of eliilek the Basher, a journeyman MiFi of Yredelemnul (Orc:1)
  8 yaktaur captains
  24 vault guards (Vaults:5)
  A spriggan air mage (Depths:1)
  A salamander tyrant (Geh:1)
  7 juggernaut simulacra
  6 caustic shrike simulacra
  3 hell beasts (Hell)
  A rakshasa (Abyss:3)
  Harold (D:11)
  4 ice dragons
  The ghost of ChiefBigBeans the Basher, a novice TrBe of Trog (D:7)
  Erolcha (D:13)
  3 peacekeepers
  11 centaur warriors
  24 hydras
  2 catoblepae
  2 ogre magi (Vaults:5)
  4 two-headed ogres
  3 jorogumos
  Erica (D:9)
  A ghost crab (Swamp:2)
  11 ironbound frosthearts
  7 boulder beetles
  5 alligators
  3 radroaches
  A tengu warrior (D:10)
  22 death yaks
  4 deep troll shamans
  2 vampire magi
  3 orc high priests (Orc:2)
  35 dancing weapons
  3 thrashing horrors (Abyss:3)
  Sonja (D:10)
  7 deep troll earth magi
  5 spriggan berserkers
  13 hell hogs
  13 spriggans
  16 sun demons
  17 hell knights
  12 deep elf knights
  9 soul eaters
  6 iron trolls
  2 skysharks
  4 shadow wraiths
  2 pharaoh ants (Spider:3)
  4 quicksilver dragon simulacra
  Lodul (D:11)
  3 sixfirhies
  57 deep trolls
  7 wretched stars (Abyss:3)
  6 skeletal warriors
  A salamander mystic (Depths:1)
  10 glowing orange brains
  12 bog bodies
  2 flayed ghosts
  3 spriggan druids
  5 elf simulacra (Elf:3)
  4 goliath frogs
  An orange crystal statue (IceCv)
  10 swamp dragons
  10 orb spiders
  3 spriggan simulacra (Coc:3)
  4 steelbarb worms
  2 tengu zombies (Vaults:1)
  19 ironbound convokers
  16 deep elf zephyrmancers
  37 deep elf pyromancers
  8 wizards
  13 lindwurms
  4 harpies
  A steelbarb worm (shapeshifter) (Vaults:3)
  7 necromancers
  16 deep elf archers
  12 orc knights
  6 phantasmal warriors
  34 ugly things
  A faun (shapeshifter) (Vaults:1)
  5 will-o-the-wisps
  18 wolf spiders
  A manticore (shapeshifter) (Depths:3)
  3 salamanders (Depths:1)
  3 cyclopes
  4 orc sorcerers
  3 shining eyes (Abyss:3)
  2 tengu skeletons (Vaults:2)
  Maurice (D:10)
  2 worldbinders
  A guardian serpent (Abyss:3)
  3 elephants (Lair:5)
  A cyclops (shapeshifter) (Vaults:5)
  5 manticores
  A moth of wrath (shapeshifter) (Vaults:4)
  16 moths of wrath
  9 rust devils (Hell)
  An apocalypse crab (Abyss:3)
  A frost giant skeleton (Vaults:2)
  3 black mambas
  3 molten gargoyles (Hell)
  14 smoke demons
  2 titan simulacra
  A black mamba (shapeshifter) (D:13)
  2 fire giant skeletons (Vaults:2)
  22 vault sentinels
  A cane toad (shapeshifter) (Vaults:4)
  3 torpor snails
  7 cane toads
  3 orange demons
  A gargoyle (D:10)
  A dire elephant skeleton (Hell)
  A centaur skeleton (Abyss:3)
  3 rime drakes
  7 demonic crawlers
  2 unseen horrors
  3 tormentors
  A yaktaur zombie (Vaults:1)
  6 hellions
  3 bunyip simulacra
  A kobold demonologist (Depths:2)
  22 yaktaurs
  A yaktaur skeleton (Vaults:2)
  4 komodo dragons
  3 iron giant simulacra
  3 sea snake zombies (Hell)
  An ice devil (Hell)
  8 freezing wraiths
  4 golden dragon simulacra
  A tengu conjurer (D:10)
  5 anaconda simulacra
  4 red devils
  7 ancient zymes
  4 shadow dragon simulacra
  A hydra zombie (Hell)
  A meliai (Spider:4)
  A tarantella (shapeshifter) (Depths:4)
  2 hellwings (D:14)
  5 polar bears
  10 trolls
  A polar bear (shapeshifter) (Elf:2)
  A harpy zombie (Hell)
  A tyrant leech (shapeshifter) (Elf:3)
  9 tyrant leeches
  19 tarantellas
  2 alligator zombies (Hell)
  37 large abominations (Abyss:3)
  22 hornets
  4 iron dragon simulacra
  7 dream sheep
  7 raiju (Abyss:3)
  13 blink frogs
  An ettin skeleton (Vaults:2)
  42 slime creatures
  Sigmund (D:3)
  3 air elementals
  5 flying skulls
  3 shadows
  30 jumping spiders
  4 centaur simulacra
  8 water elementals
  11 wraiths
  26 starcursed masses (Abyss:3)
  2 ynoxinuls
  26 culicivoras
  9 dire elephant simulacra
  3 fire bats (Lair:4)
  4 wyverns
  30 yaks
  7 basilisks
  A hog (Swamp:2)
  2 golden eyes (Abyss:3)
  5 neqoxecs
  An elf skeleton (Vaults:2)
  2 fire elementals
  45 redbacks
  2 chaos spawn
  2 steam dragons
  Edmund (D:4)
  17 harpy simulacra
  14 vampire mosquitoes
  11 spatial vortices (Abyss:3)
  3 wargs
  Menkaure (D:4)
  A swamp worm (shapeshifter) (Vaults:4)
  4 hell hounds
  15 swamp worms
  2 acid dragons
  10 water moccasins
  4 floating eyes
  5 human skeletons (Vaults:2)
  8 swamp drakes
  6 hydra simulacra
  29 orc warriors
  4 ettin simulacra
  6 black bears
  11 ogres
  An ice beast (D:6)
  An alligator simulacrum (Hell)
  6 boggarts
  12 centaurs
  32 wolves
  A phantom (D:5)
  4 kobold brigands
  10 bullfrogs
  2 gnoll sergeants
  A scorpion (shapeshifter) (Vaults:5)
  An earth elemental (Elf:1)
  8 scorpions
  A cane toad simulacrum (Gauntlet)
  6 naga simulacra
  18 killer bees
  2 lindwurm simulacra (IceCv)
  8 electric eels
  2 howler monkeys (D:10)
  A lava snake (Lair:4)
  5 hounds
  A gnoll bouda (D:5)
  26 small abominations (Abyss:3)
  20 orc priests
  An iron imp (Abyss:3)
  A jelly (D:7)
  Natasha (twice) (D:4)
  7 iguanas
  18 orc wizards
  2 sleepcaps
  11 gnolls
  7 adders
  4 white imps
  4 ufetubi (Abyss:3)
  7 worms
  2 dart slugs
  80 orcs
  6 ball pythons
  3 bats
  4 endoplasms
  6 giant cockroaches
  6 goblins
  8 hobgoblins
  4 jackals
  2 quokkas
  2 frilled lizards
  9 kobolds
  2 rats
  A fire vortex (Geh:1)
  2 spectral weapons (Elf:2)
  7 starspawn tentacles (Abyss:3)
2332 creatures vanquished.

Vanquished Creatures (collateral kills)
  the Lernaean hydra (Swamp:4)
  A very ugly thing (IceCv)
  2 swamp dragons (Swamp:4)
  An orange crystal statue (IceCv)
  A hydra simulacrum (IceCv)
6 creatures vanquished.

Vanquished Creatures (others)
  An Ice Fiend (Coc:7)
  A vault warden (Vaults:5)
  A war gargoyle (Hell)
  An eleionoma (Swamp:4)
  A wendigo (Coc:3)
  2 caustic shrike simulacra
  2 spriggan simulacra
  A titan simulacrum (Coc:1)
  A vault sentinel (Vaults:5)
  A spectral elf (Elf:3)
  A bloated husk (Swamp:1)
  A water elemental (Depths:4)
  3 humans (Swamp:2)
  A dire elephant simulacrum (Coc:4)
  3 naga simulacra
  An orc wizard (Orc:2)
  A fire vortex (Geh:1)
  24 foxfires (Swamp:2)
  A lurking horror (Abyss:3)
  17 starspawn tentacles (Abyss:3)
65 creatures vanquished.

Grand Total: 2403 creatures vanquished

Notes
Turn   | Place    | Note
-------+----------+-------------------------------------------
     0 | D:1      | danielguo94 the Gargoyle Fighter began the quest for the
                  | Orb.
     0 | D:1      | Reached XP level 1. HP: 14/14 MP: 1/1
   127 | D:1      | Reached XP level 2. HP: 11/19 MP: 2/2
   804 | D:2      | Reached XP level 3. HP: 20/23 MP: 3/3
  1676 | D:3      | Reached XP level 4. HP: 29/29 MP: 4/4
  1685 | D:3      | Reached skill level 3 in Maces & Flails
  1728 | D:3      | Noticed Sigmund
  1909 | D:4      | Noticed Natasha
  1915 | D:4      | Killed Natasha
  1917 | D:4      | Reached XP level 5. HP: 25/33 MP: 5/5
  2162 | D:4      | Noticed a black bear
  2166 | D:4      | Noticed Menkaure
  2321 | D:4      | Killed Menkaure
  2322 | D:4      | Reached skill level 4 in Maces & Flails
  2322 | D:4      | Reached XP level 6. HP: 26/38 MP: 6/6
  2380 | D:4      | Noticed Natasha
  2387 | D:4      | Killed Natasha
  2474 | D:3      | Reached skill level 5 in Maces & Flails
  2493 | D:3      | Found a faded altar of an unknown god.
  2566 | D:3      | Killed Sigmund
  2567 | D:3      | Reached skill level 1 in Dodging
  2567 | D:3      | Reached XP level 7. HP: 43/43 MP: 7/7
  2831 | D:3      | Identified the +2 leather armour of Ihoaniant {Harm rPois
                  | Int-4}
  2940 | D:4      | Noticed Edmund
  3015 | D:5      | Entered Level 5 of the Dungeon
  3026 | D:5      | Reached skill level 6 in Maces & Flails
  3289 | D:4      | Found a staircase to the Ecumenical Temple.
  3295 | Temple   | Entered the Ecumenical Temple
  3316 | Temple   | Became a worshipper of the Shining One
  3629 | D:4      | Killed Edmund
  3757 | D:5      | Reached skill level 7 in Maces & Flails
  3799 | D:4      | Found Ubucsurch's Magic Scroll Boutique.
  3805 | D:4      | Bought a scroll of noise for 11 gold pieces
  3806 | D:4      | Bought a scroll of identify for 22 gold pieces
  3806 | D:4      | Bought a scroll of enchant armour for 82 gold pieces
  3806 | D:4      | Bought a scroll of identify for 22 gold pieces
  3806 | D:4      | Bought a scroll of identify for 22 gold pieces
  3806 | D:4      | Bought a scroll of enchant armour for 82 gold pieces
  3990 | D:5      | Found a basalt altar of Yredelemnul.
  3990 | D:5      | Found a stormy altar of Qazlal.
  3992 | D:5      | Found an opulent altar of Gozag.
  3994 | D:5      | Found a bloodstained altar of Trog.
  3995 | D:5      | Found a burning altar of Makhleb.
  4072 | D:5      | Reached XP level 8. HP: 48/48 MP: 8/8
  4080 | D:5      | Reached skill level 5 in Armour
  4438 | D:5      | Reached skill level 5 in Fighting
  4528 | D:5      | Found a radiant altar of Vehumet.
  4528 | D:5      | Found an ancient bone altar of Kikubaaqudgha.
  4530 | D:5      | Found a shimmering blue altar of Sif Muna.
  4538 | D:5      | Got Sif Muna's Vellum of Spooky Action
  4653 | D:5      | Found a white marble altar of Elyvilon.
  5095 | D:6      | Reached skill level 8 in Maces & Flails
  5931 | D:7      | Reached XP level 9. HP: 47/54 MP: 9/9
  5955 | D:7      | Reached skill level 9 in Maces & Flails
  6225 | D:7      | Found a transporter.
  6225 | D:7      | Noticed a moth of wrath
  6227 | D:7      | Noticed ChiefBigBeans's ghost (novice TrBe)
  6227 | D:7      | Reached * piety under the Shining One
  6290 | D:7      | Found a transporter.
  6596 | D:8      | Reached skill level 5 in Shields
  6861 | D:8      | Found a glowing silver altar of Zin.
  7160 | D:8      | Reached skill level 10 in Maces & Flails
  7505 | D:9      | Noticed a hornet
  7511 | D:9      | Reached XP level 10. HP: 31/60 MP: 10/10
  7518 | D:9      | Reached skill level 11 in Maces & Flails
  7669 | D:9      | Got the Papyrus of the Injurious Shift
  7702 | D:9      | Noticed Erica
  7714 | D:9      | Killed Erica
  8223 | D:10     | Entered Level 10 of the Dungeon
  8263 | D:10     | Reached skill level 12 in Maces & Flails
  8446 | D:10     | Noticed a deep elf pyromancer
  8455 | D:10     | Killed a deep elf pyromancer
  8456 | D:10     | Reached skill level 1 in Invocations
  8486 | D:10     | Noticed a manticore
  8496 | D:10     | Killed a manticore
  8631 | D:10     | Noticed a skeletal warrior
  8656 | D:10     | Killed a skeletal warrior
  8657 | D:10     | Reached XP level 11. HP: 52/66 MP: 12/12
  8949 | D:10     | Found a staircase to the Orcish Mines.
  8967 | D:10     | Noticed Sonja
  8976 | D:10     | Killed Sonja
  8994 | D:10     | Noticed Maurice
  9008 | D:10     | Killed Maurice
  9009 | D:10     | Reached skill level 13 in Maces & Flails
  9058 | D:10     | Found a sparkling altar of Nemelex Xobeh.
  9182 | D:10     | Noticed a two-headed ogre
  9189 | D:10     | Killed a two-headed ogre
  9190 | D:10     | Reached skill level 1 in Evocations
  9409 | D:10     | Found a shadowy altar of Dithmenos.
  9424 | D:10     | Found a sparkling altar of Nemelex Xobeh.
  9426 | D:10     | Found a white marble altar of Elyvilon.
  9426 | D:10     | Found a shimmering altar of Xom.
  9489 | D:10     | Reached ** piety under the Shining One
  9956 | D:10     | Noticed a boulder beetle
  9957 | D:10     | Identified the +9 flail "Eqaoz" {freeze, Stlth+}
 10043 | D:10     | Killed a boulder beetle
 10388 | D:10     | Noticed a manticore
 10401 | D:10     | Killed a manticore
 10544 | D:10     | Identified the +6 rapier "Nyseluetto" {holy, Str+2 Dex+4}
 10558 | D:10     | Noticed a tengu warrior
 10564 | D:10     | Killed a tengu warrior
 10565 | D:10     | Reached XP level 12. HP: 44/73 MP: 15/15
 10838 | D:11     | Noticed Harold
 10838 | D:11     | Found Jyiwu's Magic Scroll Shoppe.
 10839 | D:11     | Found Jedghoi's Distillery.
 10851 | D:11     | Killed Harold
 10852 | D:11     | Reached skill level 14 in Maces & Flails
 10934 | D:11     | Bought a scroll of identify for 30 gold pieces
 10934 | D:11     | Bought a scroll of identify for 30 gold pieces
 10934 | D:11     | Bought a scroll of teleportation for 45 gold pieces
 10934 | D:11     | Bought a scroll of teleportation for 45 gold pieces
 10934 | D:11     | Bought a scroll of identify for 30 gold pieces
 10934 | D:11     | Bought 3 scrolls of magic mapping for 337 gold pieces
 10934 | D:11     | Bought a scroll of teleportation for 45 gold pieces
 10962 | D:11     | Bought 2 potions of heal wounds for 120 gold pieces
 10963 | D:11     | Found a staircase to the Lair.
 10963 | D:11     | Noticed a death yak
 10963 | D:11     | Noticed a death yak
 10963 | D:11     | Noticed a death yak
 10978 | D:11     | Killed a death yak
 10979 | D:11     | Reached skill level 5 in Invocations
 10985 | D:11     | Killed a death yak
 11135 | D:11     | Killed a death yak
 11272 | D:11     | Noticed a boulder beetle
 11272 | D:11     | Noticed Lodul
 11397 | D:11     | Found Muip's Distillery.
 11402 | D:11     | Bought a potion of resistance for 110 gold pieces
 11439 | D:11     | Found Xoomerak's Magic Scroll Shop.
 11471 | D:11     | Identified the +3 ring mail of Zeom {Int+3 Dex+4 Stlth-}
 11510 | D:11     | Killed a boulder beetle
 11760 | D:11     | Killed Lodul
 12143 | D:11     | Noticed a tengu reaver
 12163 | D:11     | Killed a tengu reaver
 12410 | Lair:1   | Entered Level 1 of the Lair of Beasts
 13113 | Lair:1   | Reached XP level 13. HP: 62/80 MP: 17/17
 13342 | Lair:2   | Reached *** piety under the Shining One
 13349 | Lair:2   | Reached skill level 10 in Armour
 13355 | Lair:2   | Reached skill level 15 in Maces & Flails
 13523 | Lair:2   | Identified the +6 kite shield of Codi {rN+ Str+4}
 13651 | Lair:2   | Identified the +3 battleaxe "Sose Secs" {spect, *Slow Dex+5
                  | Stlth+}
 14111 | Lair:3   | Found a staircase to the Swamp.
 14956 | Lair:3   | Found a hole to the Spider Nest.
 15303 | D:7      | Killed ChiefBigBeans's ghost
 15307 | D:7      | Reached skill level 10 in Fighting
 15649 | Lair:4   | Found a dark tunnel.
 15661 | Volcano  | Entered a volcano
 15949 | Lair:4   | Found a staircase to the Slime Pits.
 16238 | Lair:4   | Reached **** piety under the Shining One
 16463 | Lair:4   | Reached skill level 10 in Shields
 16463 | Lair:4   | Gained mutation: Your large and strong wings let you fly.
                  | [Gargoyle growth]
 16463 | Lair:4   | Reached XP level 14. HP: 77/88 MP: 20/20
 16800 | Lair:5   | Entered Level 5 of the Lair of Beasts
 16809 | Lair:5   | Reached skill level 16 in Maces & Flails
 16845 | Lair:5   | Identified the +0 chain mail "Damnable Contraption" {Harm
                  | +Inv rN++ Dex-3}
 17043 | Lair:5   | Found a gate leading to a gauntlet.
 17070 | Gauntlet | Entered a Gauntlet
 17070 | Gauntlet | Found a transporter.
 17074 | Gauntlet | Found a runed translucent gate.
 17074 | Gauntlet | Found a runed translucent gate.
 17077 | Gauntlet | Found a runed translucent gate.
 17077 | Gauntlet | Found a transporter.
 17080 | Gauntlet | Found a transporter.
 17081 | Gauntlet | Found a transporter.
 17088 | Gauntlet | Found a runed translucent door.
 17091 | Gauntlet | Found a transporter.
 17092 | Gauntlet | Found a transporter.
 17093 | Gauntlet | Found a transporter.
 17104 | Gauntlet | Found a transporter.
 17105 | Gauntlet | Found a transporter.
 17106 | Gauntlet | Found a transporter.
 17116 | Gauntlet | Found a transporter.
 17117 | Gauntlet | Found a transporter.
 17120 | Gauntlet | Noticed a quicksilver ooze
 17121 | Gauntlet | Found a transporter.
 17125 | Gauntlet | Found a transporter.
 17149 | Gauntlet | Reached ***** piety under the Shining One
 17367 | Gauntlet | Identified the +0 helmet "Vyev" {Harm rF+++ rCorr Dex-5}
 17379 | Gauntlet | Killed a quicksilver ooze
 17384 | Gauntlet | Identified the +6 halberd of Hixiw {heavy, +Blink Int+4}
 17433 | Gauntlet | The Shining One protects you from harm!
 17670 | Gauntlet | Identified the staff of cold "Axkul" {*Corrode rC+ Int+2
                  | Dex+4}
 18728 | Lair:5   | Reached XP level 15. HP: 58/95 MP: 22/22
 19121 | Orc:1    | Entered Level 1 of the Orcish Mines
 19468 | Orc:1    | Found a bloodstained altar of Trog.
 19471 | Orc:1    | Found a transporter.
 19475 | Orc:1    | Noticed eliilek's ghost (journeyman MiFi)
 19490 | Orc:1    | Found a transporter.
 19665 | Orc:2    | Entered Level 2 of the Orcish Mines
 19808 | Orc:1    | Reached skill level 10 in Invocations
 20401 | Orc:2    | Found a staircase to the Elven Halls.
 20814 | Orc:2    | Reached skill level 5 in Dodging
 20865 | Orc:2    | Found Rynabrab's Magic Scroll Boutique.
 20865 | Orc:2    | Found Mymezxys's Jewellery Shoppe.
 20867 | Orc:2    | Found Monety's Weapon Boutique.
 20867 | Orc:2    | Found Punecry's Armour Shoppe.
 20873 | Orc:2    | Bought a scroll of enchant armour for 112 gold pieces
 20873 | Orc:2    | Bought a scroll of blinking for 112 gold pieces
 20873 | Orc:2    | Bought a scroll of fog for 60 gold pieces
 20873 | Orc:2    | Bought a scroll of teleportation for 45 gold pieces
 20873 | Orc:2    | Bought a scroll of immolation for 60 gold pieces
 20878 | Orc:2    | Bought an amulet of regeneration for 390 gold pieces
 21096 | D:12     | Reached skill level 17 in Maces & Flails
 21238 | D:12     | Noticed Nessos
 21257 | D:12     | Noticed Josephine
 21266 | D:12     | Killed Josephine
 21277 | D:12     | Killed Nessos
 21365 | D:12     | Found Isyaqal's Assorted Antiques.
 21372 | D:12     | Bought a potion of haste for 250 gold pieces
 21372 | D:12     | Bought 2 potions of resistance for 500 gold pieces
 21372 | D:12     | Bought a scroll of poison for 100 gold pieces
 21489 | D:12     | Identified a scroll of acquirement
 21493 | D:12     | Acquired 284 gold pieces
 22105 | D:13     | Noticed Erolcha
 22122 | D:13     | Killed Erolcha
 22328 | D:14     | Found a frozen archway.
 22350 | IceCv    | Entered an ice cave
 22350 | IceCv    | Reached ****** piety under the Shining One
 22497 | IceCv    | Acquired the +3 pair of mountain boots {steadfast, rC+}
 22497 | IceCv    | Found the +3 pair of mountain boots {steadfast, rC+}
 22745 | IceCv    | Identified the +3 leather armour "Horysm" {rF- Str+3 Int+2}
 22769 | IceCv    | Identified the +2 quarterstaff of Zeebbuaq {venom, rF+}
 22812 | D:14     | Reached XP level 16. HP: 101/101 MP: 18/24
 23751 | D:14     | Found a gate to the Vaults.
 23989 | Spider:1 | Entered Level 1 of the Spider Nest
 25802 | Spider:2 | Reached skill level 18 in Maces & Flails
 26829 | Spider:3 | Reached skill level 15 in Shields
 27233 | Spider:3 | Reached XP level 17. HP: 108/108 MP: 20/26
 27677 | Spider:3 | Found a runed translucent gate.
 27677 | Spider:3 | Found a runed translucent gate.
 27677 | Spider:3 | Found a runed translucent gate.
 27681 | Spider:3 | Noticed Cheops's ghost (adept DECj)
 27908 | Orc:1    | Killed eliilek's ghost
 28197 | Spider:4 | Entered Level 4 of the Spider Nest
 29837 | Spider:4 | Got a gossamer rune of Zot
 29843 | Spider:4 | Reached XP level 18. HP: 116/116 MP: 27/27
 30043 | Swamp:1  | Entered Level 1 of the Swamp
 31164 | Swamp:2  | Noticed Kirke
 31175 | Swamp:2  | Killed Kirke
 31350 | Swamp:2  | Reached skill level 19 in Maces & Flails
 31618 | Swamp:2  | Noticed a tentacled monstrosity
 31628 | Swamp:2  | Killed a tentacled monstrosity
 32100 | Swamp:2  | Reached XP level 19. HP: 121/121 MP: 24/29
 32977 | Swamp:4  | Entered Level 4 of the Swamp
 33524 | Swamp:4  | Identified the +8 sling of Bekagi {speed, Int+3}
 33540 | Swamp:4  | Identified the +0 plate armour of the Furrier {Will+}
 33594 | Swamp:4  | Noticed the 27-headed Lernaean hydra
 33722 | Swamp:4  | Killed the 27-headed Lernaean hydra
 33838 | Swamp:4  | Got a decaying rune of Zot
 34533 | Elf:1    | Entered Level 1 of the Elven Halls
 34577 | Orc:2    | Bought the amulet of the Four Winds {rN+ Will+++ Clar} for
                  | 789 gold pieces
 34577 | Orc:2    | Found the amulet of the Four Winds {rN+ Will+++ Clar}
 34835 | Elf:1    | Paralysed by an air elemental for 1 turns
 35254 | Elf:1    | Paralysed by an air elemental for 1 turns
 35453 | Elf:1    | Found an ancient bone altar of Kikubaaqudgha.
 35529 | Elf:1    | Reached skill level 15 in Fighting
 35670 | Elf:1    | Reached skill level 20 in Maces & Flails
 35841 | Elf:1    | Got the Atlas of Productive Conflict
 35909 | Elf:1    | Found a transporter.
 35909 | Elf:1    | Found Bovvuro's Antique Armour Shop.
 36031 | Elf:1    | Found a transporter.
 36056 | Elf:1    | Bought a scorched scale mail for 297 gold pieces
 36056 | Elf:1    | Identified the +0 scale mail of Hide-and-Seek {Will+ Str-4
                  | Slay+3 Stlth+} (You bought it in a shop on level 1 of the
                  | Elven Halls)
 36075 | Elf:2    | Reached XP level 20. HP: 129/129 MP: 27/31
 36143 | Elf:2    | Found Agionere's Vocational Training.
 36243 | Elf:2    | Found Fubonomu's Magic Scroll Shop.
 36249 | Elf:2    | Bought a scroll of teleportation for 54 gold pieces
 36249 | Elf:2    | Bought a scroll of teleportation for 54 gold pieces
 36249 | Elf:2    | Bought a scroll of silence for 171 gold pieces
 36289 | Elf:2    | Noticed Asterion
 36292 | Elf:2    | Paralysed by an air elemental for 1 turns
 36301 | Elf:2    | Killed Asterion
 36690 | Elf:2    | Reached skill level 15 in Invocations
 36734 | Elf:2    | Found a runed translucent gate.
 36734 | Elf:2    | Found a runed translucent gate.
 36734 | Elf:2    | Found a runed translucent gate.
 37753 | Elf:3    | Entered Level 3 of the Elven Halls
 37917 | Elf:3    | Noticed Louise
 37929 | Elf:3    | Noticed a Brimstone Fiend
 38339 | Elf:3    | Identified the +7 spear of the Puffin {venom, +Blink rPois
                  | rN+ rCorr}
 38381 | Elf:3    | Identified the +7 long sword of the Magic Mushroom {heavy,
                  | Will+}
 38390 | Elf:3    | Killed Louise
 38795 | Elf:3    | Identified the ring of Qubosorgh {Int+6 Slay+2}
 39122 | Elf:3    | Identified the +8 battleaxe "Onkew" {vamp, Will+ Dex+2}
 39302 | Elf:3    | Identified the +3 pair of gloves "Gamougituva" {Drain rPois
                  | Str+7 Int-5}
 39309 | Elf:3    | Identified the staff of death "Moed" {rPois rN+ Will+
                  | Int+3}
 39310 | Elf:3    | Identified the staff of air "Upsit" {rElec rN+ Will+ rCorr
                  | Int+2}
 39338 | Elf:3    | Got Sif Muna's Essays on the Legion
 39360 | Elf:3    | Reached skill level 1 in Axes
 39360 | Elf:3    | Reached XP level 21. HP: 137/137 MP: 11/33
 39465 | Elf:3    | Identified the +6 short sword "Zeastryro" {venom, rCorr}
 39567 | Elf:3    | Reached skill level 21 in Maces & Flails
 39595 | Elf:3    | Reached XP level 22. HP: 144/144 MP: 0/34
 39597 | Elf:3    | Identified the +1 cloak "Fiasmootz" {Dex+2 SInv}
 39685 | Elf:3    | Identified the +0 chain mail of Faoch {rCorr MP+9 Str+6
                  | Slay-2}
 39743 | Elf:3    | Identified the +7 spear "Wathofar" {heavy, Int+2}
 40313 | Spider:3 | Paralysed by a Zot trap for 3 turns
 40322 | Spider:3 | Killed Cheops's ghost
 40356 | Spider:3 | Identified the +0 cloak of the Earth {Regen+ Str+3}
 40610 | Vaults:1 | Entered Level 1 of the Vaults
 41169 | Vaults:1 | Found Jyeph's Armour Shop.
 41950 | Vaults:1 | Found Mezy Kunk's Weapon Boutique.
 41961 | Vaults:1 | Bought 3 silver javelins for 270 gold pieces
 42743 | Vaults:2 | Reached XP level 23. HP: 152/152 MP: 11/35
 42946 | Vaults:2 | Noticed Boris
 42959 | Vaults:2 | Killed Boris
 43049 | Vaults:2 | Reached skill level 22 in Maces & Flails
 43336 | Vaults:2 | Found Kima's General Store.
 43440 | Vaults:2 | Found a staircase to the Crypt.
 43611 | Vaults:2 | Found a portal to a secret trove of treasure.
 43801 | Vaults:3 | Reached XP level 24. HP: 159/159 MP: 11/35
 44415 | Vaults:3 | Found Mosalep's General Store.
 44424 | Vaults:3 | Bought a scroll of blinking for 157 gold pieces
 44424 | Vaults:3 | Bought a potion of resistance for 210 gold pieces
 44424 | Vaults:3 | Bought a potion of heal wounds for 105 gold pieces
 45227 | Vaults:4 | Found Caegran's Magic Scroll Shoppe.
 45230 | Vaults:4 | Bought a scroll of magic mapping for 120 gold pieces
 45230 | Vaults:4 | Bought a scroll of teleportation for 48 gold pieces
 45230 | Vaults:4 | Bought 3 scrolls of enchant armour for 360 gold pieces
 45230 | Vaults:4 | Bought 2 scrolls of teleportation for 96 gold pieces
 45230 | Vaults:4 | Bought a scroll of blinking for 120 gold pieces
 45230 | Vaults:4 | Bought a scroll of summoning for 152 gold pieces
 45645 | Vaults:4 | Reached skill level 15 in Armour
 46091 | Vaults:4 | Reached skill level 23 in Maces & Flails
 46470 | D:15     | Entered Level 15 of the Dungeon
 46600 | D:15     | Noticed Agnes
 46608 | D:15     | Killed Agnes
 46654 | D:15     | Identified the +2 hand axe of Yeast {venom, rC+}
 46917 | D:15     | Found a staircase to the Depths.
 47029 | D:15     | Identified Roxanne's Compendium of Variation
 47029 | D:15     | Noticed Roxanne
 47351 | D:15     | Killed Roxanne
 47414 | Depths:1 | Entered Level 1 of the Depths
 47414 | Depths:1 | Noticed Boris
 47429 | Depths:1 | Killed Boris
 47539 | Depths:1 | Found a one-way gateway to a ziggurat.
 47574 | Depths:1 | Paralysed by a floating eye for 4 turns
 47584 | Depths:1 | Reached XP level 25. HP: 98/169 MP: 6/36
 47676 | Depths:1 | Found a gateway to Hell.
 47942 | Depths:1 | Found a one-way gate leading to the halls of Pandemonium.
 48306 | Depths:1 | Found a runed translucent door.
 48619 | Depths:1 | Noticed Zujy's ghost (adept DsFi)
 48630 | Depths:1 | Killed Zujy's ghost
 48815 | Depths:2 | Found a one-way gate to the infinite horrors of the Abyss.
 49081 | Depths:2 | Gained mutation: You occasionally lose the ability to read
                  | scrolls when taking damage. [a neqoxec]
 49175 | Depths:3 | Noticed Boris
 49290 | Depths:3 | Killed Boris
 49535 | Depths:3 | Found the +2 Maxwell's thermic engine {flame, freeze, rev}
 49845 | Depths:3 | Found Poizem's Assorted Antiques.
 50177 | Depths:4 | Entered Level 4 of the Depths
 50341 | Depths:4 | Identified the +11 rapier of Intimidation {heavy, Str+4}
 50467 | Depths:4 | Paralysed by a floating eye for 3 turns
 50547 | Depths:4 | Reached skill level 24 in Maces & Flails
 50927 | Depths:4 | Found a gate to the Realm of Zot.
 51118 | Depths:4 | Found a hazy altar of Hepliaklqana.
 51244 | Depths:4 | Acquired the +15 Maxwell's patent armour {-Cast -Tele rElec
                  | Will+ rCorr}
 51244 | Depths:4 | Found the +15 Maxwell's patent armour {-Cast -Tele rElec
                  | Will+ rCorr}
 51609 | Vaults:5 | Entered Level 5 of the Vaults
 51614 | Vaults:5 | Reached XP level 26. HP: 128/177 MP: 1/36
 51707 | Abyss:3  | Found an ornate altar of the Wu Jian Council.
 51707 | Abyss:3  | Cast into level 3 of the Abyss (tengu reaver)
 51875 | Abyss:3  | Found a corrupted altar of Lugonu.
 52258 | Abyss:3  | Gained mutation: Armour fits poorly on your strangely
                  | shaped body. [a neqoxec]
 52279 | Abyss:3  | Gained mutation: You are dopey. (Int -2) [a cacodemon]
 52285 | Abyss:3  | Gained mutation: Potions are less effective at restoring
                  | your health. [a cacodemon]
 52383 | Abyss:3  | Paralysed by a floating eye for 2 turns
 52466 | Abyss:3  | Paralysed by a floating eye for 2 turns
 52492 | Abyss:3  | Got an abyssal rune of Zot
 52878 | Abyss:3  | Paralysed by accursed screaming for 1 turns
 52921 | Abyss:3  | Reached skill level 25 in Maces & Flails
 52990 | Vaults:5 | Escaped the Abyss
 53184 | Vaults:5 | Noticed a dread lich
 53236 | Vaults:5 | Killed a dread lich
 53320 | Vaults:5 | Noticed Bai Suzhen
 53328 | Vaults:5 | Noticed Sojobo
 53407 | Vaults:5 | Killed Sojobo
 53559 | Vaults:5 | Killed Bai Suzhen
 53570 | Vaults:5 | Reached XP level 27. HP: 165/184 MP: 12/37
 53747 | Vaults:5 | Found Yffim's Assorted Antiques.
 53756 | Vaults:5 | Bought a heavily runed zirconium amulet for 180 gold pieces
 53756 | Vaults:5 | Identified the amulet "Rimaen" {Spirit rF+ rCorr Str-5}
                  | (You bought it in a shop on level 5 of the Vaults)
 53760 | Vaults:5 | Got a silver rune of Zot
 54019 | Vaults:5 | Identified the +0 hat of Rezoful {rElec rN+ Int-4}
 54140 | Vaults:5 | Got Nirpham's Thoughts on Fetching Superposition
 54407 | Vaults:5 | Found Usuwuqec's Antique Armour Emporium.
 54415 | Vaults:5 | Bought a pair of distressingly furry gloves for 218 gold
                  | pieces
 54415 | Vaults:5 | Identified the +2 pair of gloves of Weirdness {Dex+2} (You
                  | bought it in a shop on level 5 of the Vaults)
 54472 | Vaults:5 | Bought a scroll of enchant weapon for 270 gold pieces
 54472 | Vaults:5 | Bought a scroll of enchant armour for 270 gold pieces
 55110 | Hell     | Entered the Vestibule of Hell
 55110 | Hell     | Noticed Geryon
 55123 | Hell     | Killed Geryon
 55348 | Hell     | Found a gateway to the decaying netherworld of Tartarus.
 55484 | Hell     | Found a gateway to the ashen valley of Gehenna.
 55548 | Hell     | Found a gateway to the Iron City of Dis.
 55597 | Hell     | Found a gateway to the freezing wastes of Cocytus.
 55775 | Zot:1    | Entered Level 1 of the Realm of Zot
 56123 | Zot:1    | HP: 4/185 [quicksilver dragon/bolt of dispelling energy
                  | (27)]
 56373 | Zot:1    | Found the +4 dragonskin cloak
 56373 | Zot:1    | Noticed Tiamat
 56503 | Zot:1    | Killed Tiamat
 56504 | Zot:1    | Reached skill level 26 in Maces & Flails
 57420 | Zot:2    | Found Fyfyvyt's Changing Room.
 57472 | Zot:2    | Bought a potion of mutation for 144 gold pieces
 57472 | Zot:2    | Bought a potion of mutation for 144 gold pieces
 58909 | Hell     | Identified a +7 sacred scourge of holy wrath (a +5 demon
                  | whip of flaming blessed by the Shining One)
 58909 | Hell     | Received a gift from the Shining One
 59012 | Geh:1    | Entered Level 1 of Gehenna
 59130 | Coc:1    | Entered Level 1 of Cocytus
 59233 | Coc:1    | Paralysed by a wendigo for 1 turns
 59683 | Coc:3    | Paralysed by a wendigo for 1 turns
 59688 | Coc:3    | Paralysed by a wendigo for 1 turns
 59989 | Coc:4    | Noticed a dread lich
 60001 | Coc:4    | Killed a dread lich
 60178 | Coc:5    | Reached skill level 27 in Maces & Flails
 60740 | Coc:7    | Entered Level 7 of Cocytus
 60774 | Coc:7    | Paralysed by a wendigo for 1 turns
 60779 | Coc:7    | Paralysed by a wendigo for 1 turns
 60907 | Hell     | Lost mutation: You are dopey. (Int -2) [potion of mutation]
 60907 | Hell     | Lost mutation: Armour fits poorly on your strangely shaped
                  | body. [potion of mutation]
 60907 | Hell     | Lost mutation: You occasionally lose the ability to read
                  | scrolls when taking damage. [potion of mutation]
 60907 | Hell     | Gained mutation: You have a pair of small horns on your
                  | head. [potion of mutation]
 60907 | Hell     | Gained mutation: Armour fits poorly on your strangely
                  | shaped body. [potion of mutation]
 60907 | Hell     | Gained mutation: You occasionally lose the ability to read
                  | scrolls when taking damage. [potion of mutation]
 60907 | Hell     | Gained mutation: You are robust. (+10% HP) [potion of
                  | mutation]
 60921 | Hell     | Lost mutation: You are robust. (+10% HP) [potion of
                  | mutation]
 60921 | Hell     | Lost mutation: Potions are less effective at restoring your
                  | health. [potion of mutation]
 60921 | Hell     | Lost mutation: You occasionally lose the ability to read
                  | scrolls when taking damage. [potion of mutation]
 60921 | Hell     | Gained mutation: You are clumsy. (Dex -2) [potion of
                  | mutation]
 60921 | Hell     | Gained mutation: Your mind is acute. (Int +4, Str/Dex -1)
                  | [potion of mutation]
 60921 | Hell     | Gained mutation: You are covered in fur. (AC +1) [potion of
                  | mutation]
 61124 | Coc:7    | Paralysed by a wendigo for 1 turns
 61209 | Coc:7    | Noticed the Serpent of Hell
 61217 | Coc:7    | Identified the +8 quarterstaff "Horidos" {vamp, Int+4}
 61217 | Coc:7    | Noticed Antaeus
 61220 | Coc:7    | HP: 8/188 [Ice Fiend/bolt of cold (4)]
 61229 | Coc:7    | Killed from afar by a shard shrike

Illustrated notes

Levels and vault maps discovered:
D:1:      psy_arrival_dodecagon, layout_loops_cross, serial_forest,
          infiniplex_forest_clump_curved, infiniplex_forest_end_2,
          infiniplex_forest_clump_small, infiniplex_forest_lined_room_3,
          infiniplex_forest_straight_3, infiniplex_forest_clump_diagonal,
          infiniplex_forest_clump_diagonal, infiniplex_forest_lined_3_way,
          dk_noncrumbling_4
D:2:      layout_basic, minmay_worlds_worst_comb
D:3:      layout_basic, basic_ecumenical_altar, uniq_sigmund
D:4:      layout_basic, temple_statues, serial_shops, shop, uniq_menkaure,
          uniq_edmund, uniq_natasha
D:5:      layout_rooms, grunt_temple_overflow_magic_moments,
          kennysheep_mini_moat, grunt_temple_overflow_open, serial_rivers,
          chequers_serial_rivers_micro_a, chequers_serial_rivers_large_b,
          chequers_serial_rivers_small_3, chequers_serial_rivers_small_b
D:6:      layout_basic, grunt_decor_junction
D:7:      layout_loops_ring, gammafunk_ghost_berserking_beasts
D:8:      layout_basic, mainiacjoe_overflow_tiny_flanked, serial_corexii_hall,
          corexii_hall_statues_l, corexii_hall_statues_t
D:9:      layout_rooms, uniq_erica
D:10:     minmay_the_grid_octo_tiled_octocenter [minmay_the_grid_octo_clover_2,
          minmay_the_grid_octo_shrine, minmay_the_grid_octo_checkerflower,
          minmay_the_grid_octo_tetromino_candy,
          minmay_the_grid_octo_prize_ultimate_mussel_roller,
          minmay_the_grid_square_5x5_moneybag, minmay_the_grid_square_5x5_mess,
          minmay_the_grid_square_5x5_bridge, minmay_the_grid_square_5x5_n],
          layout_basic, kennysheep_mini, kb_rosetta, uniq_sonja, uniq_maurice
D:11:     layout_loops_ring, dpeg_lair_monsters, serial_shops,
          nicolae_shop_statue_plus, shop, shop_coins, nicolae_shop_peninsula,
          kennysheep_just_a_vault, uniq_lodul, uniq_harold
D:12:     layout_cave_pools, serial_shops, nicolae_shop_overgrown_old_shop,
          minivault_5, uniq_nessos, uniq_josephine
D:13:     layout_roguey, uniq_erolcha
D:14:     layout_basic, david_vaults_1, portal_ice_cave_entry_pillars_2,
          dk_noncrumbling_3, serial_demonic, serial_demonic_c, serial_demonic_b,
          serial_demonic_c, serial_demonic_e, serial_demonic_c, serial_demonic_e
D:15:     hangedman_depths_entry_try_elsewhere_first, layout_loops_ring,
          grunt_decor_mini_mirrors, nzn_life_drinkers, uniq_agnes, uniq_roxanne
Temple:   hellmonk_temple_of_storms
Lair:1:   layout_cave_shapes, lemuel_fruit_fields
Lair:2:   layout_chaotic_city, minmay_lair_oklob_bushes
Lair:3:   layout_gridlike, minmay_swamp_entry_eels,
          nicolae_spider_entry_non_spiders, minivault_27,
          chequers_serial_rivers_micro_d, serial_bayou_shore_b
Lair:4:   layout_gridlike, slime_entry_1, nicolae_volcano_entry_batcave
Lair:5:   grunt_lair_end_beastmaster, layout_loops_ring, gauntlet_entry_generic,
          nicolae_lair_run_with_the_wolves, serial_bayou_shore_b
Swamp:1:  layout_basic_swamp, nicolae_swamp_ascending_descending,
          infiniplex_staircase_pool_2
Swamp:2:  nzn_winding_woodlands_medium [nzn_winding_woodlands_5x5_default,
          nzn_winding_woodlands_5x15_garden, nzn_winding_woodlands_5x5_default,
          nzn_winding_woodlands_5x5_three, nzn_winding_woodlands_center_garden,
          nzn_winding_woodlands_5x5_default,
          nzn_winding_woodlands_5x5_open_star,
          nzn_winding_woodlands_5x15_concentric,
          nzn_winding_woodlands_hourglass], layout_basic_swamp,
          evilmike_swamp_ruin_house_3, uniq_kirke
Swamp:3:  layout_basic_swamp, serial_swamp_ruin, evilmike_swamp_ruin_house_6,
          evilmike_swamp_ruin_rubble_2, evilmike_swamp_ruin_rubble_1
Swamp:4:  grunt_swamp_rune_castle, layout_basic_swamp, infiniplex_staircase_pool
Spider:1: layout_chambers
Spider:2: layout_spider_delve
Spider:3: layout_spider_delve, gammafunk_ghost_tricky_traps
Spider:4: grunt_spider_rune_parallel, nicolae_spider_cling_ruins
Orc:1:    layout_caves, gammafunk_ghost_wrathful_warriors
Orc:2:    grunt_orc_tribal_feast, layout_diamond_mine
Elf:1:    layout_gridlike, serial_shops, nicolae_shop_drivethru,
          minmay_elf_sorcery, david_defended_altar_elf
Elf:2:    nicolae_elf_blades_splatter_lattice [nicolae_blade_little_rooms],
          layout_geoelf_diagonals, serial_shops, shop, nicolae_shop_vocational,
          uniq_asterion
Elf:3:    grunt_elf_hall_spiral, layout_loops_ring, nicolae_elf_deep_mausoleum,
          uniq_louise
Vaults:1: nicolae_vaults_security_offices_6, hangedman_vaults_pinch,
          ontoclasm_vaults_hangar, nicolae_vaults_taking_the_gang_shopping,
          vaults_room_semicircle, vaults_dpeg_diagonal, vaults_dpeg_hooks,
          nicolae_vaults_more_shelving_2, vaults_mumra_minichess,
          layout_vaults_omnigrid, serial_shops, nicolae_lakefront_shop
Vaults:2: nicolae_vaults_tangram_2, grunt_vaults_funnel,
          nicolae_vaults_alarming, minmay_crypt_entry_skeletal_spiral,
          nicolae_vaults_steering_wheel, v_misc_2, v_misc_5,
          nicolae_vaults_spaceships, layout_vaults_big_cross, serial_shops,
          nicolae_shop_peninsula, enter_trove_6, uniq_boris
Vaults:3: nicolae_vaults_sightless_eye, vaults_room_grid, vaults_room_grid,
          nicolae_vaults_lightning_bolt, nicolae_vaults_little_guard_posts,
          nicolae_vaults_rhombus_7, nicolae_vaults_tetromino_Z_2,
          hangedman_vaults_nails, nicolae_vaults_sesquioval_fish,
          v_alt_pattern_5, vaults_room_door_hall, layout_vaults_big_room,
          serial_shops, nicolae_shop_tiny_real_fake_doors
Vaults:4: v_misc_5, nicolae_vaults_theta, dpeg_vaults_pockets_of_resistance,
          vaults_room_pools, vaults_room_stairs_pillars,
          hangedman_vaults_river_flow, nicolae_vaults_hallways_thing,
          vaults_dpeg_cross, nicolae_vaults_heist, nicolae_vaults_tetromino_T_1,
          hangedman_vaults_trim, nicolae_vaults_heart-shaped_vault,
          layout_vaults_ring, serial_shops, nicolae_shop_rolled_up
Vaults:5: uniq_bai_suzhen, uniq_sojobo
Depths:1: layout_basic, enter_ziggurat_e, hangedman_geh_valley,
          serial_corexii_hall, corexii_hall_statues_u, corexii_hall_statues_l,
          ebering_ghost_reflecting_pool, pan_entry,
          chequers_serial_rivers_micro_d, minmay_misc_feat_secret_circle,
          nicolae_danse_macabre
Depths:2: minmay_slanted_spiral_squares, layout_cave_shapes,
          marbit_kobold_abyss_entry, ebering_ghost_xom, hell_entry,
          nicolae_lava_and_water, serial_shops, nicolae_shop_real_fake_doors,
          rand_demon_pan_entry_4
Depths:3: kennysheep_large_spiral, layout_cross, minmay_misc_feat_nine_boxes,
          hell_entry, abyss_entry_small_statue_room, serial_shops,
          nicolae_shop_dealshenge, minmay_staircase_windowed_large
Depths:4: grunt_bruiser_brothers, layout_cave_pools, hangedman_coc_ice_floe,
          nzn_hepliaklqana_mist_gate
Hell
Geh:1:    layout_gehenna_lava_caves
Coc:1:    layout_cocytus_water_paths
Coc:2:    layout_cocytus_water_paths
Coc:3:    layout_ice_bergs
Coc:4:    layout_ice_bergs
Coc:5:    layout_cocytus_water_paths
Coc:6:    layout_ice_bergs
Coc:7:    coc_grunt
Zot:1:    kennysheep_spiral_hall, layout_basic, hangedman_zot_spectrum
Zot:2:    minmay_elemental_castle, layout_onion_interference,
          nicolae_transmutations_shop, grunt_ministairs_1,
          st_single_dragon_hoard_2

Skill      XL: |  1  2  3  4  5  6  7  8  9 10 11 12 13 14 15 16 17 18 19 20 21 22 23 24 25 26 27 |
---------------+----------------------------------------------------------------------------------+-----
Maces & Flails | 3 4 5 7 8 10 12 13 14 15 16 17 18 19 20 21 22 23 24 25 27 | 27.0
Fighting       | 4 5 6 7 9 10 11 12 13 14 15 16 18 20 21 23 | 23.5
Armour         | 4 5 6 7 8 9 10 11 12 13 14 15 16 17 | 17.6
Shields        | 4 5 6 7 8 10 11 13 15 16 17 18 19 20 22 23 25 | 25.2
Dodging        | 1 2 3 4 5 6 7 8 |  8.9
Invocations    | 2 4 6 8 9 11 12 13 14 16 17 18 19 20 23 | 23.4
Evocations     | 1 2 |  2.2
Axes           | 1 3 |  3.3

Action                     |  1- 3 |  4- 6 |  7- 9 | 10-12 | 13-15 | 16-18 | 19-21 | 22-24 | 25-27 || total
---------------------------+-------+-------+-------+-------+-------+-------+-------+-------+-------++-------
  Melee: Flail             |   112 |    82 |   331 |   555 |  1252 |  1010 |   553 |       |       ||  3895
         Hand axe          |       |       |    30 |       |       |       |       |       |       ||    30
         Eveningstar       |       |       |       |       |       |       |   357 |  1285 |  2328 ||  3970
         Sacred scourge    |       |       |       |       |       |       |       |       |   530 ||   530
         Headbutt          |       |       |       |       |       |       |       |       |    30 ||    30
 Invoke: Divine Shield     |       |       |       |       |     1 |       |     1 |       |       ||     2
         Cleansing Flame   |       |       |       |       |     6 |     8 |    18 |    26 |    71 ||   129
         Summon Divine War |       |       |       |       |     1 |       |     1 |       |       ||     2
         Brand Weapon With |       |       |       |       |       |       |       |       |     1 ||     1
  Evoke: Wand              |       |       |       |     9 |       |       |       |       |     1 ||    10
    Use: Scroll            |     4 |     1 |     7 |    17 |    12 |     2 |    11 |     5 |    22 ||    81
         Potion            |       |     2 |     3 |     9 |     4 |     1 |     2 |     8 |     7 ||    36
 Armour: Chain mail        |    56 |    61 |   238 |   272 |   595 |   546 |   601 |   287 |       ||  2656
         Plate armour      |       |       |       |       |       |       |       |   489 |  1039 ||  1528
         Gold dragon scale |       |       |       |       |       |       |       |       |   408 ||   408
  Dodge: Dodged            |    41 |    34 |   153 |   178 |   343 |   296 |   252 |   433 |   827 ||  2557
  Block: Buckler           |    19 |    13 |   100 |    31 |       |       |       |       |       ||   163
         Kite shield       |       |       |       |   186 |  1054 |   958 |   821 |  1314 |  2728 ||  7061
